 Dungeon Sprint DCSS version 0.31-a0-370-g25055926c8 (webtiles) character file.

Game seed: 16358435533506000182

182 Conn the Firebug (level 5, -4/31 HPs)
             Began as an Octopode Fire Elementalist on July 29, 2023.
             Was an Initiate of Sif Muna.
             Slain by a spriggan
             ... wielding a +0 rapier
              (7 damage)
             ... in the Dungeon (Sprint IV: "Fedhas' Mad Dash").
             The game lasted 00:03:27 (474 turns).

Conn the Firebug (Octopode Fire Elementalist)        Turns: 474, Time: 00:03:28

Health: -4/31      AC:  1    Str:  7    XL:     5   Next: 62%
Magic:  13/13      EV: 14    Int: 19    God:    Sif Muna [......]
Gold:   51         SH:  0    Dex: 13    Spells: 6/16 levels left

rFire   . . .        (no weapon)
rCold   . . .        (no shield)
rNeg    . . .        (helmet restricted)
rPois   .            g - amulet of invisibility {+Inv}
rElec   .            (no ring)
rCorr   .            (no ring)
SInv    .            (no ring)
Will    .....        (no ring)
Stlth   ++++         (no ring)
HPRegen 0.25/turn    (no ring)
MPRegen 0.13/turn    (no ring)
                     (no ring)

%: no teleportation
@: very slightly contaminated, invisible
A: almost no armour, amphibious, 8 rings, camouflage 1, gelatinous body 1,
(nimble swimmer 1), tentacles
a: Renounce Religion, Evoke Invisibility


You were in the Dungeon.
You worshipped Sif Muna.
Sif Muna was noncommittal.
You visited 1 branch You collected 51 gold pieces.

Inventory:

Jewellery
 g - the amulet of invisibility (around mantle) {+Inv}
   (You found it in the Dungeon)

   [amulet of nothing]

   +Inv:      It lets you turn invisible.
Scrolls
 e - a scroll of fear {unknown}
 f - a scroll of blinking
 h - a scroll of poison {unknown}
Potions
 a - 2 potions of magic
 b - a potion of curing
 c - a potion of heal wounds
 d - a potion of haste


   Skills:
 + Level 3.6 Dodging
 + Level 4.7 Stealth
 * Level 6.1 Spellcasting
 * Level 4.3 Conjurations
 + Level 0.3 Hexes
 + Level 7.0 Fire Magic
 + Level 2.0 Evocations


You had 6 spell levels left.
You knew the following spells:

 Your Spells              Type           Power      Damage    Failure   Level
a - Foxfire               Conj/Fire      100%       2x1d9     1%          1
b - Scorch                Fire           64%        2d7       1%          2
c - Inner Flame           Hex/Fire       19%        N/A       8%          3
d - Flame Wave            Conj/Fire      27%        2d9       11%         4

Your spell library contained the following spells:

 Spells                   Type           Power      Damage    Failure   Level
 Volatile Blastmotes      Fire/Tloc      38%        2d13      8%          3


Dungeon Overview and Level Annotations

Branches:
Dungeon (1/1)

Altars:
Cheibriados
Dithmenos
Elyvilon
Gozag
Hepliaklqana
Kikubaaqudgha
Makhleb
Nemelex Xobeh
Okawaru
Qazlal
Ru
Sif Muna
Trog
Uskayaw
Vehumet
Wu Jian
Xom
Yredelemnul
Zin
The Shining One
Jiyva
Lugonu


Innate Abilities, Weirdness & Mutations

You cannot wear most types of armour.
You are amphibious.
You can wear up to eight rings at the same time.
Your skin changes colour to match your surroundings (Stealth+).
Your rubbery body absorbs attacks. (AC +1, EV +1)
((You are camouflaged when in or above water. (Stealth+)))
You have tentacles for arms and can constrict up to eight enemies at once.


Message History

You fail to use your ability.
You fail to use your ability.
You fail to use your ability.
You fail to use your ability.
You fail to use your ability.
You fail to use your ability.
You fade into invisibility!
You are very lightly contaminated with residual magic.
You open the door. 2 spriggans come into view.
The spriggan shouts! x2
A scorpion comes into view.
The spriggan moves out of view. x2
Found 10 gold pieces.
Casting: Scorch (safe; 1% risk of failure)
Confirm with . or Enter, or press ? or * to list all spells.
The spell is quite dangerous to miscast (8% risk of failure)!
Continue anyway?
Aiming: Inner Flame (quite dangerous; 8% risk of failure)
Press: ? - help, Dir - move target, f - scorpion
Aim: a scorpion (wandering, unable to see you, hasn't noticed you, chance to affect: 74%)
The scorpion struggles to resist.
Unknown command.
Casting: Inner Flame (quite dangerous; 8% risk of failure)
Confirm with . or Enter, or press ? or * to list all spells.
The spell is quite dangerous to miscast (8% risk of failure)!
Continue anyway?
Aiming: Inner Flame (quite dangerous; 8% risk of failure)
Press: ? - help, Dir - move target, f/p - scorpion
Aim: a scorpion (wandering, unable to see you, hasn't noticed you, chance to affect: 74%)
The scorpion is filled with an inner flame.
Casting: Inner Flame (quite dangerous; 8% risk of failure)
Confirm with . or Enter, or press ? or * to list all spells.
The spell is quite dangerous to miscast (11% risk of failure)!
Continue anyway?
Casting: Flame Wave (quite dangerous; 11% risk of failure)
Press: ? - help, Dir - look around, f - activate You miscast Flame Wave.
Nothing appears to happen.
The spriggan misses you. The spriggan hits you with a +0 rapier!
Magic courses through your body. The spriggan hits you with a +0 dagger!
* * * LOW HITPOINT WARNING * * *
The spriggan hits you with a +0 rapier!
You die...

######################
#.⌠._._._._.⌠.#.ii$..#
'.._._._._._..'.@#
#..._._._._...#..#
#.._._._._._..#..#
#._._._._._.⌠.####
###############


You could see 2 spriggans.

Vanquished Creatures
  A scorpion (D)
  3 oklob saplings (D)
  A river rat (D)
  A rat (D)
6 creatures vanquished.

Vanquished Creatures (collateral kills)
  2 foxfires (D)
2 creatures vanquished.

Vanquished Creatures (others)
  8 foxfires (D)
8 creatures vanquished.

Grand Total: 16 creatures vanquished

Notes
Turn   | Place    | Note
-------+----------+-------------------------------------------
     0 | D        | Conn the Octopode Fire Elementalist began the quest for the
                  | Orb.
     0 | D        | Reached XP level 1. HP: 11/11 MP: 3/3
    16 | D        | Reached skill level 4 in Fire Magic
    16 | D        | Reached XP level 2. HP: 17/17 MP: 0/5
    64 | D        | Noticed an oklob sapling
    67 | D        | Noticed a scorpion
    67 | D        | Found the amulet of invisibility {+Inv}
    74 | D        | Killed a scorpion
    75 | D        | Reached skill level 5 in Fire Magic
    75 | D        | Reached XP level 3. HP: 16/21 MP: 5/8
    75 | D        | Reached XP level 4. HP: 21/27 MP: 6/10
   123 | D        | Learned a level 2 spell: Scorch
   127 | D        | Learned a level 3 spell: Inner Flame
   132 | D        | Learned a level 4 spell: Flame Wave
   146 | D        | Reached skill level 6 in Fire Magic
   193 | D        | Found an opulent altar of Gozag.
   193 | D        | Found a hazy altar of Hepliaklqana.
   193 | D        | Found a burning altar of Makhleb.
   193 | D        | Found a sparkling altar of Nemelex Xobeh.
   193 | D        | Found a snail-covered altar of Cheibriados.
   193 | D        | Found a sacrificial altar of Ru.
   193 | D        | Found a shimmering blue altar of Sif Muna.
   193 | D        | Found a shimmering altar of Xom.
   193 | D        | Found a basalt altar of Yredelemnul.
   196 | D        | Found a viscous altar of Jiyva.
   196 | D        | Found a bloodstained altar of Trog.
   196 | D        | Found an ornate altar of the Wu Jian Council.
   196 | D        | Noticed an oklob sapling priest
   197 | D        | Found an iron altar of Okawaru.
   197 | D        | Found a glowing silver altar of Zin.
   197 | D        | Found a shadowy altar of Dithmenos.
   198 | D        | Found a hide-covered altar of Uskayaw.
   198 | D        | Found an ancient bone altar of Kikubaaqudgha.
   199 | D        | Found a glowing golden altar of the Shining One.
   199 | D        | Found a stormy altar of Qazlal.
   199 | D        | Found a white marble altar of Elyvilon.
   200 | D        | Found a radiant altar of Vehumet.
   200 | D        | Found a corrupted altar of Lugonu.
   202 | D        | Became a worshipper of Sif Muna the Loreminder
   296 | D        | Killed an oklob sapling priest
   297 | D        | Reached skill level 5 in Spellcasting
   297 | D        | Reached skill level 1 in Evocations
   297 | D        | Reached XP level 5. HP: 31/31 MP: 1/13
   403 | D        | Reached skill level 7 in Fire Magic
   474 | D        | Slain by a spriggan

Illustrated notes

Levels and vault maps discovered:
D:        dungeon_sprint_fedhas [sprint_temple]

Skill      XL: |  1  2  3  4  5 |
---------------+----------------+-----
Stealth        | 3 4 |  4.7
Fire Magic     | 4 5 6 7 |  7.0
Dodging        | 3 |  3.6
Spellcasting   | 4 5 6 |  6.1
Conjurations   | 3 4 |  4.3
Evocations     | 1 2 |  2.0
Hexes          | |  0.3

Action                     |  1- 3 |  4- 6 || total
---------------------------+-------+-------++-------
  Melee: Unarmed           |    10 |       ||    10
         Punch             |     2 |       ||     2
         Tentacles         |     3 |       ||     3
         Constrict         |     2 |       ||     2
   Cast: Foxfire           |     3 |     3 ||     6
         Scorch            |       |    12 ||    12
         Inner Flame       |       |     3 ||     3
Ability: Evoke Invisibilit |       |     5 ||     5
    Use: Potion            |     1 |     1 ||     2
 Armour: Skin              |     1 |       ||     1
  Dodge: Dodged            |     5 |     1 ||     6

Table legend: (Time is in decaauts)
 A = Elapsed time spent in this place.
 B = Non-inter-level travel time spent in this place.
 C = Inter-level travel time spent in this place.
 D = Time resting spent in this place.
 E = Time spent auto-exploring this place.
 F = Levels seen in this place.
 G = Mean time per level.
                   A        B        C        D        E       F      G
               +--------+--------+--------+--------+--------+-----+--------+
         Total |    483 |    483 |      0 |    316 |      0 |   1 |  483.0 |
       Dungeon |    483 |    483 |      0 |    316 |      0 |   1 |  483.0 |
               +--------+--------+--------+--------+--------+-----+--------+

Top non-repeatable levels by time:
       D: 483 daAuts
